 Dungeon Crawl Stone Soup version 0.31-a0-833-gc15d34cb79 (webtiles) character file.

Game seed: 7557296636569631885

6158 mcwallace the Thaumaturge (level 10, -3/59 HPs)
             Began as a Deep Elf Fire Elementalist on Sept 26, 2023.
             Was a Priest of Vehumet.
             Slain by an orc warlord
             ... wielding a +5 executioner's axe
              (37 damage)
             ... in a bailey.
             The game lasted 00:37:20 (11107 turns).

mcwallace the Thaumaturge (DEFE)                   Turns: 11107, Time: 00:37:21

Health: -3/59      AC:  5    Str:  5    XL:     10   Next: 60%
Magic:  15/34      EV: 16    Int: 25    God:    Vehumet [***...]
Gold:   774        SH:  5    Dex: 15    Spells: 15/27 levels left

rFire   . . .        H - staff of cold {!astaff}
rCold   + + .        (no shield)
rNeg    . . .        S - +1 robe {rC+}
rPois   +            s - +0 helmet
rElec   .            L - scarf {repulsion}
rCorr   +            n - +0 pair of gloves
SInv    .            (no boots)
Will    ++...        l - amulet of Haofi {Reflect rPois Will+ Regen+ rCorr SH+5}
Stlth   ++           e - ring of wizardry
HPRegen 1.09/turn    x - ring of magical power
MPRegen 0.24/turn

%: repel missiles, reflection, wizardry (x1)
@: no status effects
A: no striking features
a: Renounce Religion


You were in a bailey.
You worshipped Vehumet.
Vehumet was most pleased with you.
You visited 1 branch of the dungeon, and saw 9 of its levels.
You also visited: Ossuary and Bailey.

You collected 1456 gold pieces.
You spent 682 gold pieces at shops.


   Skills:
 - Level 5.5 Fighting
 + Level 9.3 Dodging
 - Level 2.4 Stealth
 - Level 9.4 Spellcasting
 + Level 8.1 Conjurations
 + Level 3.1 Summonings
 - Level 7.2 Fire Magic
 - Level 3.5 Ice Magic


You had 15 spell levels left.
You knew the following spells:

 Your Spells              Type           Power      Damage    Failure   Level
a - Foxfire               Conj/Fire      100%       2x1d9     1%          1
b - Scorch                Fire           94%        2d8       1%          2
c - Flame Wave            Conj/Fire      50%        2d12      1%          4
d - Freezing Cloud        Conj/Ice/Air   23%        6-21      3%          5

Your spell library contained the following spells:

 Spells                   Type           Power      Damage    Failure   Level
 Ignite Poison            Fire/Tmut/Pois 23%        N/A       1%          3
 Momentum Strike          Conj/Tloc      64%        3d9       1%          2
 Poisonous Vapours        Pois/Air       22%        N/A       1%          2
 Inner Flame              Hex/Fire       29%        N/A       1%          3
 Mephitic Cloud           Conj/Pois/Air  25%        N/A       1%          3
 Volatile Blastmotes      Fire/Tloc      58%        2d14      1%          3
 Blink                    Tloc           22%        N/A       3%          2
 Lesser Beckoning         Tloc           22%        N/A       3%          2
 Yara's Violent Unravell  Hex/Tmut       5%         3d4       16%         5
 Conjure Ball Lightning   Conj/Air       16%        3x3d6     16%         6
 Dispel Undead            Necr           11%        3d9       21%         4
 Enfeeble                 Hex            5%         N/A       100%        7
 Summon Horrible Things   Summ           13%        N/A       100%        8
 Fire Storm               Conj/Fire      25%        8d6       100%        9

Inventory:

Hand Weapons
 d - a +0 dagger {short}
   (You took it off a kobold on level 1 of the Dungeon)
 p - a +0 halberd of venom {polearm}
   (You took it off a gnoll on level 2 of the Dungeon)
 D - a +3 war axe {axe}
   (You took it off an orc in a bailey)
 O - a +2 short sword of draining {short}
   (You took it off an orc on level 4 of the Dungeon)
 R - a +5 falchion of freezing {long}
   (You took it off a wight on level 7 of the Dungeon)
Missiles
 c - 118 stones {throwing}
 C - 24 poisoned darts {throwing}
 F - 22 boomerangs {throwing}
 Y - 2 curare-tipped darts {=fthrowing}
Armour
 n - a +0 pair of gloves (worn)
   (You found it on level 5 of the Dungeon)
 s - a +0 helmet (worn)
   (You took it off Robin on level 2 of the Dungeon)
 L - a scarf of repulsion (worn)
   (You found it on level 4 of the Dungeon)
 S - a +1 robe of cold resistance (worn)
   (You took it off a wight on level 7 of the Dungeon)
Magical Staves
 H - a staff of cold (weapon) {!astaff}
   (You found it on level 6 of the Dungeon)
 M - a staff of earth {!astaff}
   (You found it on level 8 of the Dungeon)
Jewellery
 e - a ring of wizardry (left hand)
   (You found it on level 5 of the Dungeon)
 l - the amulet of Haofi (around neck) {Reflect rPois Will+ Regen+ rCorr SH+5}
   (You found it on level 9 of the Dungeon)

   [amulet of reflection]

   Reflect:   It reflects blocked missile attacks.
   rPois:     It protects you from poison Will+: It increases your willpower.
   Regen+:    It increases your rate of health regeneration.
   rCorr:     It protects you from acid and corrosion.
   SH+5:      It affects your SH (+5).
 m - a ring of poison resistance
   (You found it on level 2 of the Dungeon)
 q - an amulet of regeneration {@e2}
   (You took it off a hobgoblin on level 2 of the Dungeon)
 x - a ring of magical power (right hand)
   (You found it on level 2 of the Dungeon)
 y - a +6 ring of strength
   (You found it in an ossuary)
 I - a ring of protection from cold
   (You found it on level 4 of the Dungeon)
Wands
 t - a wand of flame (39)
   (You took it off Robin on level 2 of the Dungeon)
 K - a wand of polymorph (6)
   (You found it on level 6 of the Dungeon)
Scrolls
 a - 2 scrolls of enchant weapon
 i - a scroll of fog
 j - 2 scrolls of noise {!r}
 r - a scroll of fear {unknown}
 v - 4 scrolls of immolation {!r!r}
 G - a scroll of enchant armour
 J - 2 scrolls of blinking {unknown}
 N - 6 scrolls of teleportation {@r4}
 Q - a scroll of torment {!r}
 X - a scroll of amnesia {unknown}
 Z - 2 scrolls of revelation
Potions
 b - a potion of magic
 f - 2 potions of might {unknown}
 g - 3 potions of attraction {!q}
 h - 6 potions of heal wounds {@q2}
 k - 4 potions of haste {@q3}
 o - a potion of enlightenment {unknown}
 w - a potion of berserk rage {unknown}
 z - 3 potions of lignification {!q}
 A - 3 potions of mutation {unknown}
 B - 2 potions of invisibility {unknown}
 E - 2 potions of brilliance {unknown}
 P - 7 potions of curing {@q1}
 T - a potion of cancellation {unknown}

Dungeon Overview and Level Annotations

Branches:
Dungeon (9/15) Zot: 26810  Temple (0/1) D:6             Orc (0/2) D:9
Ossuary (visited)          Bailey (1/1) Zot: 5444
   Lair: D:8-11

Altars:
Ashenzari
Elyvilon
Gozag
Hepliaklqana
Kikubaaqudgha
Vehumet
Xom
Zin
The Shining One

Shops:
D:5

:
#[........)#~~~~~#...)..
#..........'.....'....8.
#...8......#########....
##......####~~~#~~~##...
##.....#~~#~.....|~#...
##....#§§......g!~#...
#...##~8.8...8.8##...
#...'§§.........#....
#...@o§g...∩....#....
#.÷.'§§.........#....
#...##~8.8...8.8##...
##....#§........!~#...
##.....#~~#~.....=~#...
##......####~~~#~~~##...
#...8......#########....
#........).)..)..'....8.
#..........#~~~))#......


You could see an orc warlord (combustible).


Message History

Press: ? - help, Q - select action, (/) - cycle Dir - look around, f - activate You conjure some foxfire!
Casting: Foxfire (safe; 1% risk of failure)
Press: ? - help, Q - select action, (/) - cycle Dir - look around, f - activate You conjure some foxfire! 😎 MP[-1]
You lost 1 mp, and now have 30/34 mp. 😎 MP[+1]
The orc warlord roars a battlecry!
The orc goes into a battle-frenzy! 😎 MP[+1]
You enter the shallow water.
Moving in this stuff is going to be slow.
Casting: Foxfire (safe; 1% risk of failure)
Press: ? - help, Q - select action, (/) - cycle Dir - look around, f - activate You conjure some foxfire! 😎 MP[-1]
You lost 1 mp, and now have 31/34 mp.
Casting: Foxfire (safe; 1% risk of failure)
Press: ? - help, Q - select action, (/) - cycle Dir - look around, f - activate You conjure some foxfire!
The foxfire hits the orc.
The foxfire hits the orc but does no damage.
Casting: Foxfire (safe; 1% risk of failure)
Press: ? - help, Q - select action, (/) - cycle Dir - look around, f - activate You conjure some foxfire!
The foxfire hits the orc.
You kill the orc!
Vehumet accepts your kill.
You feel your power returning.
You hear a splash. x2
Casting: Foxfire (safe; 1% risk of failure)
Confirm with . or Enter, or press ? or * to list all spells.
Casting: Flame Wave (safe; 1% risk of failure)
Press: ? - help, Dir - look around, f - activate A wave of flame ripples out!
The flame wave engulfs your foxfire.
Your foxfire completely resists.
The flame wave engulfs your foxfire.
Your foxfire completely resists. (Press . to intensify the flame waves.)
The foxfire hits the orc warlord.
The foxfire hits the orc warlord but does no damage. x2 😎 MP[-4]
You lost 4 mp, and now have 27/34 mp.
A wave of flame ripples out!
You are engulfed in a cloud of scalding steam. 😕 HP[-8] MP[-1]
You take 8 damage, and now have 51/59 hp.
You lost 1 mp, and now have 26/34 mp.
A wave of flame ripples out!
The flame wave engulfs the orc warlord!
You finish channelling waves of flame.
You are engulfed in a cloud of scalding steam. 😕 HP[-2]
You take 2 damage, and now have 49/59 hp.
You are engulfed in a cloud of scalding steam.
There is an open translucent gate here. 😮 HP[-9]
You take 9 damage, and now have 40/59 hp.
Casting: Flame Wave (safe; 1% risk of failure)
Confirm with . or Enter, or press ? or * to list all spells.
Casting: Flame Wave (safe; 1% risk of failure)
Press: ? - help, Dir - look around, f - activate A wave of flame ripples out! (Press . to intensify the flame waves.)
You are engulfed in a cloud of scalding steam. 😮 HP[+1] MP[-4]
You lost 4 mp, and now have 22/34 mp.
A wave of flame ripples out!
The flame wave engulfs the orc warlord.
You are engulfed in a cloud of scalding steam. 😮 HP[-3] MP[-1]
You take 3 damage, and now have 38/59 hp.
You lost 1 mp, and now have 21/34 mp.
A wave of flame ripples out!
The flame wave engulfs the orc warlord!
Vehumet accepts your kill.
You feel a bit more experienced.
You finish channelling waves of flame.
You are engulfed in a cloud of scalding steam.
The orc warlord is engulfed in a cloud of scalding steam.
The orc warlord barely misses you. 😮 HP[-3]
You take 3 damage, and now have 35/59 hp.
Casting: Flame Wave (safe; 1% risk of failure)
Confirm with . or Enter, or press ? or * to list all spells.
Flames lash the orc warlord.
The orc warlord's fire resistance burns away.
You are engulfed in a cloud of scalding steam.
The orc warlord is engulfed in a cloud of scalding steam.
The orc warlord splashes around in the water. 😮 HP[-2] MP[-2]
You take 2 damage, and now have 33/59 hp.
You lost 2 mp, and now have 19/34 mp.
Casting: Scorch (safe; 1% risk of failure)
Confirm with . or Enter, or press ? or * to list all spells.
Casting: Flame Wave (safe; 1% risk of failure)
Press: ? - help, Dir - look around, f - activate A wave of flame ripples out!
The flame wave engulfs the orc warlord!
The orc warlord is burned terribly! (Press . to intensify the flame waves.)
The orc warlord hits you with a +5 executioner's axe!!!
Ouch! That really hurt!
You die...

Skill      XL: |  1  2  3  4  5  6  7  8  9 10 |
---------------+-------------------------------+-----
Dodging        | 3 4 5 6 8 9 |  9.3
Fighting       | 1 2 3 4 5 |  5.5
Conjurations   | 2 3 4 5 7 8 |  8.1
Spellcasting   | 4 5 6 7 9 |  9.4
Fire Magic     | 4 5 6 7 |  7.2
Ice Magic      | 2 3 |  3.5
Summonings     | 3 |  3.1
Stealth        | |  2.4

Action                     |  1- 3 |  4- 6 |  7- 9 | 10-12 || total
---------------------------+-------+-------+-------+-------++-------
  Melee: Dagger            |    21 |       |       |       ||    21
         Halberd           |       |    64 |       |       ||    64
         Short sword       |       |    11 |    57 |       ||    68
         Punch             |       |       |     2 |       ||     2
         Falchion          |       |       |       |     3 ||     3
   Cast: Foxfire           |    68 |    69 |   382 |   174 ||   693
         Scorch            |       |    33 |    41 |     9 ||    83
         Flame Wave        |       |       |     3 |    16 ||    19
    Use: Scroll            |       |     3 |     9 |     4 ||    16
   Stab: Sleeping          |     1 |     3 |     1 |       ||     5
         Distracted        |       |     1 |       |       ||     1
 Armour: Robe              |    21 |    12 |     3 |    42 ||    78
         Animal skin       |       |    50 |    74 |       ||   124
  Dodge: Dodged            |    31 |    67 |    95 |    45 ||   238
         Repelled          |       |       |     1 |     1 ||     2
  Block: Other             |       |       |       |     3 ||     3

Levels and vault maps discovered:
D:1:      dpeg_arrival_shrine, layout_loops_ring, minivault_19,
          hangedman_decor_points
D:2:      layout_rooms, dreamdust_ecumenical_altar_hidden_monk_grotto,
          nrook_mini_backslash, uniq_robin
D:3:      layout_loops_ring, grunt_ashenzari_visionary
          [grunt_ashenzari_visionary_shoals, grunt_ashenzari_visionary_spider],
          minivault_11, nicolae_the_louvre
D:4:      layout_loops_corners, minmay_fractal_squares_5
D:5:      layout_loops_corners, zin_angel, mainiacjoe_overflow_cross_hatched,
          nicolae_vehumet_radiance, overflow_temple_1_default,
          nicolae_custom_books
D:6:      layout_loops_corners, kennysheep_mini, tso_altar,
          minmay_temple_entry_butterflies, enter_ossuary_5
D:7:      layout_basic, grunt_ministairs_1
D:8:      layout_loops_ring, nicolae_overflow_crystal_walls
D:9:      layout_cave_pools, mainiacjoe_overflow_alcove_1, enter_bailey_2,
          nicolae_blasting_shop
Bailey:   bailey_axe_bossmonster_kennysheep, bailey

Notes
Turn   | Place    | Note
-------+----------+-------------------------------------------
     0 | D:1      | mcwallace the Deep Elf Fire Elementalist began the quest
                  | for the Orb.
     0 | D:1      | Reached XP level 1. HP: 10/10 MP: 6/6
     0 | D:1      | magus.rc [v1.9.6]
   143 | D:1      | Reached XP level 2. HP: 15/15 MP: 1/8
  1161 | D:2      | Reached XP level 3. HP: 17/20 MP: 2/9
  1237 | D:2      | Reached skill level 3 in Dodging
  1473 | D:2      | Reached skill level 1 in Fighting
  1507 | D:2      | Reached skill level 2 in Conjurations
  1512 | D:2      | Reached XP level 4. HP: 25/25 MP: 0/11
  1654 | D:2      | Noticed Robin
  1840 | D:2      | Killed Robin
  2089 | D:2      | Found a faded altar of an unknown god.
  2095 | D:2      | You pick up a book of Spatial Translocations and begin
                  | reading...
  2095 | D:2      | You add the spells Blink, Momentum Strike and Lesser
                  | Beckoning to your library.
  2275 | D:2      | Learned a level 2 spell: Scorch
  2282 | D:3      | Reached skill level 4 in Spellcasting
  2289 | D:3      | Reached skill level 4 in Fire Magic
  2289 | D:3      | Reached XP level 5. HP: 29/29 MP: 7/13
  2515 | D:3      | You pick up a book of Misfortune and begin reading...
  2515 | D:3      | You add the spells Yara's Violent Unravelling and Enfeeble
                  | to your library.
  3002 | D:3      | Found a broken altar of Ashenzari.
  3006 | D:3      | Saw a vision of the Shoals and the Spider Nest.
  3006 | D:3      | Noticed a merfolk
  3006 | D:3      | Noticed a steelbarb worm
  3006 | D:3      | Noticed a jumping spider
  3006 | D:3      | Noticed a merfolk
  3006 | D:3      | Noticed a harpy
  3006 | D:3      | Noticed a redback
  3006 | D:3      | Noticed a redback
  3006 | D:3      | Noticed a redback
  3006 | D:3      | Noticed a water elemental
  3006 | D:3      | Noticed a merfolk avatar
  3006 | D:3      | Noticed a tarantella
  3006 | D:3      | Noticed a merfolk
  3006 | D:3      | Noticed a wolf spider
  3006 | D:3      | Noticed a jumping spider
  3006 | D:3      | Noticed a manticore
  3006 | D:3      | Noticed a demonic crawler
  3006 | D:3      | Noticed a boulder beetle
  3006 | D:3      | Noticed an orb spider
  3006 | D:3      | Noticed a skyshark
  3006 | D:3      | Noticed a tarantella
  3006 | D:3      | Noticed a boulder beetle
  3006 | D:3      | Noticed an orb spider
  3007 | D:3      | Noticed a manticore
  3007 | D:3      | Noticed a redback
  3008 | D:3      | Noticed an entropy weaver
  3009 | D:3      | Noticed a steelbarb worm
  3291 | D:4      | Reached skill level 4 in Dodging
  3296 | D:4      | Reached XP level 6. HP: 34/35 MP: 14/14
  3302 | D:4      | Reached skill level 2 in Fighting
  3302 | D:4      | Reached skill level 3 in Conjurations
  3501 | D:4      | Reached skill level 5 in Spellcasting
  4377 | D:5      | Entered Level 5 of the Dungeon
  4377 | D:5      | Found a hazy altar of Hepliaklqana.
  4384 | D:5      | Reached XP level 7. HP: 40/40 MP: 16/16
  4678 | D:5      | Reached skill level 5 in Fire Magic
  4974 | D:5      | Reached skill level 5 in Dodging
  4974 | D:5      | Reached skill level 4 in Conjurations
  5010 | D:5      | Reached skill level 3 in Fighting
  5015 | D:5      | Learned a level 4 spell: Flame Wave
  5147 | D:5      | Reached skill level 6 in Spellcasting
  5218 | D:5      | Reached XP level 8. HP: 46/46 MP: 15/19
  5323 | D:5      | Found Xoleokkinae's Self-Published Books.
  5401 | D:5      | Found an opulent altar of Gozag.
  5712 | D:5      | Noticed an angel
  5713 | D:5      | Found a glowing silver altar of Zin.
  5782 | D:5      | Found a radiant altar of Vehumet.
  5795 | D:5      | Became a worshipper of Vehumet
  6094 | D:6      | Reached skill level 6 in Dodging
  6094 | D:6      | Reached skill level 5 in Conjurations
  6094 | D:6      | Reached skill level 6 in Fire Magic
  6122 | D:6      | Found a sand-covered staircase.
  6130 | Ossuary  | Entered an ossuary
  6176 | Ossuary  | Reached skill level 7 in Spellcasting
  6218 | Ossuary  | Reached skill level 4 in Fighting
  6388 | Ossuary  | HP: 11/48 [hornet zombie (8)]
  6390 | Ossuary  | HP: 5/48 [hornet zombie (9)]
  6403 | Ossuary  | Reached * piety under Vehumet
  6403 | Ossuary  | Offered knowledge of Sandblast by Vehumet.
  6404 | Ossuary  | Reached XP level 9. HP: 20/52 MP: 13/22
  6869 | Ossuary  | Reached skill level 7 in Dodging
  6869 | Ossuary  | Reached skill level 6 in Conjurations
  7261 | D:6      | Found an ancient bone altar of Kikubaaqudgha.
  7285 | D:6      | Found a staircase to the Ecumenical Temple.
  7291 | D:6      | Reached skill level 7 in Fire Magic
  7423 | D:6      | Reached skill level 8 in Spellcasting
  7605 | D:6      | You pick up a book of Vapours and begin reading...
  7605 | D:6      | You add the spells Poisonous Vapours, Mephitic Cloud and
                  | Freezing Cloud to your library.
  8094 | D:6      | Found a glowing golden altar of the Shining One.
  8198 | D:7      | Reached skill level 1 in Ice Magic
  8322 | D:7      | Reached skill level 5 in Fighting
  8409 | D:7      | Reached skill level 2 in Ice Magic
  8673 | D:7      | Reached skill level 8 in Dodging
  8768 | D:7      | Reached ** piety under Vehumet
  8768 | D:7      | Offered knowledge of Magic Dart by Vehumet.
  8865 | D:7      | Reached skill level 7 in Conjurations
  8879 | D:7      | Reached skill level 9 in Spellcasting
  8879 | D:7      | Reached XP level 10. HP: 54/59 MP: 22/25
  9239 | D:7      | Identified a scroll of acquirement
  9240 | D:7      | Acquired 960 gold pieces
  9352 | D:8      | Reached skill level 3 in Ice Magic
  9676 | D:8      | Found a shimmering altar of Xom.
 10313 | D:5      | Bought Sif Muna's Anthology of the Lords of Pandemonium for
                  | 682 gold pieces
 10313 | D:5      | You add the spells Dispel Undead, Conjure Ball Lightning,
                  | Summon Horrible Things and Fire Storm to your library.
 10383 | D:9      | Found a staircase to the Orcish Mines.
 10394 | D:9      | Offered knowledge of Ignite Poison by Vehumet.
 10410 | D:9      | Paralysed by a hornet for 1 turns
 10412 | D:9      | Reached skill level 1 in Summonings
 10467 | D:9      | Identified the amulet of Haofi {Reflect rPois Will+ Regen+
                  | rCorr SH+5}
 10543 | D:9      | Found a white marble altar of Elyvilon.
 10550 | D:9      | Reached skill level 2 in Summonings
 10552 | D:9      | Reached skill level 9 in Dodging
 10558 | D:9      | Found a flagged portal.
 10567 | Bailey   | Entered a bailey
 10576 | Bailey   | Learned a level 5 spell: Freezing Cloud
 10590 | Bailey   | Noticed an orc warlord
 10645 | Bailey   | Reached *** piety under Vehumet
 10671 | Bailey   | Reached skill level 8 in Conjurations
 10810 | Bailey   | Found a runed translucent gate.
 10834 | Bailey   | Found a runed translucent gate.
 10835 | Bailey   | Found a runed translucent gate.
 10931 | Bailey   | Reached skill level 3 in Summonings
 11107 | Bailey   | Slain by an orc warlord

Vanquished Creatures
  2 hornets (D:9)
  A wyvern (D:7)
  A wraith (D:9)
  A steam dragon (D:6)
  An ice beast (D:8)
  5 orc warriors
  3 sky beasts (D:7)
  2 black bears
  2 hornet zombies (Ossuary)
  2 centaurs
  2 phantoms
  4 kobold brigands
  A bullfrog (D:6)
  A wyvern zombie (Ossuary)
  4 scorpions
  2 water moccasin zombies (Ossuary)
  13 wights
  7 killer bees
  5 howler monkeys
  8 bullfrog zombies (Ossuary)
  A centaur zombie (Ossuary)
  4 hounds
  2 jellies
  9 orc priests
  2 gnoll boudas (D:5)
  3 sleepcaps
  3 iguanas
  8 orc wizards
  A killer bee zombie (Ossuary)
  15 mummies (Ossuary)
  Robin (D:2)
  3 howler monkey zombies (Ossuary)
  8 adders
  16 gnolls
  3 white imps
  An ufetubus (D:4)
  A worm (D:2)
  A dart slug (D:3)
  43 orcs
  3 bats
  6 endoplasms
  3 giant cockroaches
  17 goblins
  12 hobgoblins
  4 jackals (D:1)
  35 kobolds
  6 quokkas
  6 ball pythons
  4 frilled lizards
  3 rats
291 creatures vanquished.

Vanquished Creatures (collateral kills)
  24 foxfires (D:5)
24 creatures vanquished.

Vanquished Creatures (others)
  1157 foxfires
1157 creatures vanquished.

Grand Total: 1472 creatures vanquished

Table legend:
 A = Non-vault XP
 B = Vault XP
 C = Vault XP percentage of total XP
 D = Non-vault monster count
 E = Vault monster count
 F = Vault count percentage of total count
                 A         B        C        D         E       F
            +---------+---------+-------+---------+---------+-------
      Total |    6440 |    2358 |  26.8 |     209 |      82 |  28.2
            +---------+---------+-------+---------+---------+-------
        D:1 |      34 |       2 |   5.6 |      20 |       1 |   4.8
        D:2 |      74 |      37 |  33.3 |      13 |      12 |  48.0
        D:3 |     102 |       0 |   0.0 |      25 |       0 |   0.0
        D:4 |     333 |     100 |  23.1 |      25 |       5 |  16.7
        D:5 |    1042 |       0 |   0.0 |      38 |       0 |   0.0
        D:6 |     945 |       0 |   0.0 |      21 |       0 |   0.0
        D:7 |    1627 |     243 |  13.0 |      31 |       8 |  20.5
        D:8 |    1187 |       0 |   0.0 |      22 |       0 |   0.0
        D:9 |    1096 |       0 |   0.0 |      14 |       0 |   0.0
    Ossuary |       0 |    1362 | 100.0 |       0 |      33 | 100.0
     Bailey |       0 |     614 | 100.0 |       0 |      23 | 100.0
            +---------+---------+-------+---------+---------+-------

Skill      XL: |  1  2  3  4  5  6  7  8  9 10 |
---------------+-------------------------------+-----
Dodging        | 3 4 5 6 8 9 |  9.3
Fighting       | 1 2 3 4 5 |  5.5
Conjurations   | 2 3 4 5 7 8 |  8.1
Spellcasting   | 4 5 6 7 9 |  9.4
Fire Magic     | 4 5 6 7 |  7.2
Ice Magic      | 2 3 |  3.5
Summonings     | 3 |  3.1
Stealth        | |  2.4

Action                     |  1- 3 |  4- 6 |  7- 9 | 10-12 || total
---------------------------+-------+-------+-------+-------++-------
  Melee: Dagger            |    21 |       |       |       ||    21
         Halberd           |       |    64 |       |       ||    64
         Short sword       |       |    11 |    57 |       ||    68
         Punch             |       |       |     2 |       ||     2
         Falchion          |       |       |       |     3 ||     3
   Cast: Foxfire           |    68 |    69 |   382 |   174 ||   693
         Scorch            |       |    33 |    41 |     9 ||    83
         Flame Wave        |       |       |     3 |    16 ||    19
    Use: Scroll            |       |     3 |     9 |     4 ||    16
   Stab: Sleeping          |     1 |     3 |     1 |       ||     5
         Distracted        |       |     1 |       |       ||     1
 Armour: Robe              |    21 |    12 |     3 |    42 ||    78
         Animal skin       |       |    50 |    74 |       ||   124
  Dodge: Dodged            |    31 |    67 |    95 |    45 ||   238
         Repelled          |       |       |     1 |     1 ||     2
  Block: Other             |       |       |       |     3 ||     3

Illustrated notes

Table legend:
 A = Kills in this place as a percentage of kills in the entire game.
 B = Kills by you in this place as a percentage of kills by you in the entire game.
 C = Kills by friends in this place as a percentage of kills by friends in the entire game.
 D = Other kills in this place as a percentage of other kills in the entire game.
 E = Experience gained in this place as a percentage of experience gained in the entire game.
 F = Experience gained in this place divided by the number of levels of this place that you have seen.
                   A       B       C       D       E      F
               +-------+-------+-------+-------+-------+----------------------
         Total | 100.0 | 100.0 |   N/A |   N/A | 100.0 | 799.8
       Dungeon |  80.8 |  80.8 |   N/A |   N/A |  77.5 | 758.0
       Ossuary |  11.3 |  11.3 |   N/A |   N/A |  15.5 | 1362.0
        Bailey |   7.9 |   7.9 |   N/A |   N/A |   7.0 | 614.0
               +-------+-------+-------+-------+-------+----------------------

Table legend: (Time is in decaauts)
 A = Elapsed time spent in this place.
 B = Non-inter-level travel time spent in this place.
 C = Inter-level travel time spent in this place.
 D = Time resting spent in this place.
 E = Time spent auto-exploring this place.
 F = Levels seen in this place.
 G = Mean time per level.
                   A        B        C        D        E       F      G
               +--------+--------+--------+--------+--------+-----+--------+
         Total |  11185 |  10779 |    406 |    113 |   8344 |  11 | 1016.8 |
       Dungeon |   9733 |   9327 |    406 |    113 |   7420 |   9 | 1081.4 |
       Ossuary |    898 |    898 |      0 |      0 |    633 |   1 |  898.0 |
        Bailey |    554 |    554 |      0 |      0 |    290 |   1 |  554.0 |
               +--------+--------+--------+--------+--------+-----+--------+

Top non-repeatable levels by time:
     D:5: 1736 daAuts
     D:1: 1247 daAuts
     D:4: 1221 daAuts
     D:6: 1217 daAuts
     D:7: 1215 daAuts
     D:2: 1148 daAuts
     D:8: 974 daAuts
 Ossuary: 898 daAuts
     D:3: 791 daAuts
  Bailey: 554 daAuts
     D:9: 180 daAuts
